3L
ATHLETIC CLUB KC @ VANCOUVER GREY WOLVES
09/17/2042
 
TOP OF THE 1ST
Athletic Club KC batting - Pitching for Vancouver Grey Wolves : RHP José García
Pitching: RHP José García
Batting: LHB Cisco Hernández 0-0: Called Strike
0-1: Swinging Strike
0-2: Strikes out looking
Batting: LHB Rafael Padilla 0-0: Ball
1-0: Ball
2-0: SOLO HOME RUN (Flyball, 9D, EV 111.2 MPH), Distance : 354 ft
Batting: RHB Jimbob Ghostkeeper 0-0: Ball
1-0: Ground out 5-3 (Groundball, 56, EV 103.8 MPH)
Batting: SHB Mike Ríos 0-0: Foul Ball, location: 2F
0-1: Ground out 6-3 (Groundball, 4MD, EV 101.2 MPH)
Top of the 1st over - 1 run, 1 hit, 0 errors, 0 left on base; Athletic Club KC 1 - Vancouver 0
BOTTOM OF THE 1ST
Vancouver Grey Wolves batting - Pitching for Athletic Club KC : LHP Marcos Tejedor
Pitching: LHP Marcos Tejedor
Batting: RHB José Torres 0-0: Ball
1-0: SINGLE (Line Drive, 3, EV 95.6 MPH)
Batting: RHB Ray Skipworth 0-0: Ball
1-0: Fielders Choice at 2nd, 4-6 (Groundball, 4M, EV 103.1 MPH)
Batting: LHB Cameron Woolever 0-0: Ball
1-0: Called Strike
1-1: Called Strike
1-2: Foul Ball, location: 2F
1-2: Foul Ball, location: 2F
1-2: Ball
2-2: Foul Ball, location: 2F
2-2: Strikes out swinging
Batting: RHB Rafael Maldonado 0-0: Called Strike
0-1: Foul Ball, location: 2F
0-2: Ball
1-2: Ball
2-2: Foul Ball, location: 2F
2-2: Fly out, F4 (Popup, 4MD, EV 71.9 MPH)
Bottom of the 1st over - 0 runs, 1 hit, 0 errors, 1 left on base; Athletic Club KC 1 - Vancouver 0
TOP OF THE 2ND
Athletic Club KC batting - Pitching for Vancouver Grey Wolves : RHP José García
Batting: RHB Ali Ben Bongo 0-0: Foul Ball, location: 2F
0-1: Foul Ball, location: 2F
0-2: Ball
1-2: Ball
2-2: Fly out, F7 (Flyball, 7S, EV 88.1 MPH)
Batting: RHB James Hemwick 0-0: Ground out 5-3 (Groundball, 5, EV 101.9 MPH)
Batting: RHB Scott Dourque 0-0: Called Strike
0-1: Foul Ball, location: 2F
0-2: Fly out, F8 (Flyball, 89M, EV 96.9 MPH)
Top of the 2nd over - 0 runs, 0 hits, 0 errors, 0 left on base; Athletic Club KC 1 - Vancouver 0
BOTTOM OF THE 2ND
Vancouver Grey Wolves batting - Pitching for Athletic Club KC : LHP Marcos Tejedor
Batting: RHB Kao-tsu Koo 0-0: Called Strike
0-1: Ball
1-1: Ball
2-1: Foul Ball, location: 2F
2-2: Strikes out looking
Batting: LHB Javier Caceres 0-0: Called Strike
0-1: Called Strike
0-2: Ball
1-2: Strikes out swinging
Batting: SHB Willie McGirt 0-0: Ball
1-0: Ball
2-0: Ball
3-0: Base on Balls
Batting: SHB John Hawley 0-0: Ball
1-0: Ball
2-0: Ball
3-0: Called Strike
3-1: DOUBLE (Line Drive, 9LM, EV 109.4 MPH)
Willie McGirt to third
Runner from 3rd tries for Home, SAFE, no throw by RF
Batting: RHB David Stone 0-0: Ball
1-0: Ball
2-0: Ball
3-0: Called Strike
3-1: Ground out 6-3 (Groundball, 6, EV 104.4 MPH)
Bottom of the 2nd over - 1 run, 1 hit, 0 errors, 1 left on base; Athletic Club KC 1 - Vancouver 1
TOP OF THE 3RD
Athletic Club KC batting - Pitching for Vancouver Grey Wolves : RHP José García
Batting: RHB Gerold Olthof 0-0: Ball
1-0: Ball
2-0: Called Strike
2-1: Ball
3-1: Fly out, F4 (Popup, 4S, EV 81.2 MPH)
Batting: RHB Karel van Capelle 0-0: Fly out, F8 (Flyball, 8LD, EV 85.0 MPH)
Batting: LHB Cisco Hernández 0-0: Foul Ball, location: 2F
0-1: DOUBLE (Line Drive, 89D, EV 108.1 MPH)
Batting: LHB Rafael Padilla 0-0: Called Strike
0-1: Called Strike
0-2: Foul Ball, location: 2F
0-2: Ball
1-2: Fly out, F9 (Flyball, 89S, EV 82.5 MPH)
Top of the 3rd over - 0 runs, 1 hit, 0 errors, 1 left on base; Athletic Club KC 1 - Vancouver 1
BOTTOM OF THE 3RD
Vancouver Grey Wolves batting - Pitching for Athletic Club KC : LHP Marcos Tejedor
Batting: RHB José Torres 0-0: SOLO HOME RUN (Flyball, 9LD, EV 98.1 MPH), Distance : 340 ft
Batting: RHB Ray Skipworth 0-0: Foul Ball, location: 2F
0-1: Fly out, F8 (Line Drive, 8LM, EV 85.0 MPH)
Batting: LHB Cameron Woolever 0-0: SINGLE (Line Drive, 89S, EV 92.5 MPH)
Batting: RHB Rafael Maldonado 0-0: Foul Ball, location: 2F
0-1: Called Strike
0-2: Foul Ball, location: 2F
0-2: Grounds into double play, 5-4-3 (Groundball, 56, EV 93.8 MPH)
Bottom of the 3rd over - 1 run, 2 hits, 0 errors, 0 left on base; Athletic Club KC 1 - Vancouver 2
TOP OF THE 4TH
Athletic Club KC batting - Pitching for Vancouver Grey Wolves : RHP José García
Batting: RHB Jimbob Ghostkeeper 0-0: Ball
1-0: Ball
2-0: Fly out, F7 (Flyball, 78D, EV 98.8 MPH)
Batting: SHB Mike Ríos 0-0: Called Strike
0-1: DOUBLE (Line Drive, 9LD, EV 103.1 MPH)
Batting: RHB Ali Ben Bongo 0-0: Ball
1-0: Ball
2-0: Ball
3-0: Called Strike
3-1: Called Strike
3-2: Fly out, F7 (Flyball, 78M, EV 92.5 MPH)
Batting: RHB James Hemwick 0-0: Ball
1-0: Ball
2-0: Ground out 1-3 (Groundball, 34S, EV 79.4 MPH)
Top of the 4th over - 0 runs, 1 hit, 0 errors, 1 left on base; Athletic Club KC 1 - Vancouver 2
BOTTOM OF THE 4TH
Vancouver Grey Wolves batting - Pitching for Athletic Club KC : LHP Marcos Tejedor
Batting: RHB Kao-tsu Koo 0-0: Fly out, F4 (Popup, 4, EV 66.2 MPH)
Batting: LHB Javier Caceres 0-0: Ball
1-0: Foul Ball, location: 2F
1-1: Foul Ball, location: 2F
1-2: Ground out U3 (Groundball, 3, EV 87.5 MPH)
Batting: SHB Willie McGirt 0-0: Foul Ball, location: 2F
0-1: Foul Ball, location: 2F
0-2: Ball
1-2: Ball
2-2: Ball
3-2: Ground out 5-3 (Groundball, 56, EV 81.2 MPH)
Bottom of the 4th over - 0 runs, 0 hits, 0 errors, 0 left on base; Athletic Club KC 1 - Vancouver 2
TOP OF THE 5TH
Athletic Club KC batting - Pitching for Vancouver Grey Wolves : RHP José García
Batting: RHB Scott Dourque 0-0: Swinging Strike
0-1: SINGLE (Groundball, 6M, EV 111.2 MPH)
Batting: RHB Gerold Olthof 0-0: Ball
1-0: Foul Ball, location: 2F
1-1: DOUBLE (Line Drive, 5D, EV 96.2 MPH)
Scott Dourque to third
Batting: RHB Karel van Capelle 0-0: Ball
1-0: Foul Ball, location: 2F
1-1: Ball
2-1: Called Strike
2-2: Fly out, F8 (Flyball, 89S, EV 79.4 MPH)
Batting: LHB Cisco Hernández 0-0: Swinging Strike
0-1: Foul Ball, location: 2F
0-2: Foul Ball, location: 2F
0-2: Foul Ball, location: 2F
0-2: Ground out 4-3 (Groundball, 4, EV 82.5 MPH)
Scott Dourque scores
Gerold Olthof to third
Batting: LHB Rafael Padilla 0-0: Foul Ball, location: 2F
0-1: Foul Ball, location: 2F
0-2: Ball
Wild Pitch!
Gerold Olthof scores
1-2: Ball
2-2: Ball
3-2: Ground out U3 (Groundball, 34, EV 100.0 MPH)
Top of the 5th over - 2 runs, 2 hits, 0 errors, 0 left on base; Athletic Club KC 3 - Vancouver 2
BOTTOM OF THE 5TH
Vancouver Grey Wolves batting - Pitching for Athletic Club KC : LHP Marcos Tejedor
Batting: SHB John Hawley 0-0: Called Strike
0-1: Ball
1-1: Foul Ball, location: 2F
1-2: Ball
2-2: Foul Ball, location: 2F
2-2: Ball
3-2: SINGLE (Groundball, 6MD, EV 110.0 MPH)
Batting: RHB David Stone 0-0: Ball
1-0: Ball
2-0: Ball
3-0: Called Strike
3-1: DOUBLE (Line Drive, 9D, EV 97.5 MPH)
John Hawley to third
Batting: RHB José Torres 0-0: Foul Ball, location: 2F
0-1: Ball
1-1: Ball
2-1: SINGLE (Groundball, 4, EV 110.0 MPH) (infield hit)
John Hawley scores
David Stone to third
Batting: RHB Ray Skipworth 0-0: Fly out, F7 (Flyball, 7, EV 87.5 MPH)
Batting: LHB Cameron Woolever 0-0: Called Strike
0-1: Called Strike
0-2: Fly out, F9 (Line Drive, 9, EV 96.2 MPH)
Runner from 3rd tags up, SCORES, throw by RF
Batting: RHB Rafael Maldonado 0-0: Foul Ball, location: 2F
0-1: Ball
1-1: Foul Ball, location: 2F
1-2: Foul Ball, location: 2F
1-2: DOUBLE (Flyball, 89D, EV 100.0 MPH)
José Torres to third
Runner from 3rd tries for Home, SAFE, throw by RF to home
Pitching: RHP Dan Smith
Batting: RHB Kao-tsu Koo 0-0: Called Strike
0-1: Fly out, F8 (Flyball, 8RXD, EV 93.8 MPH)
Bottom of the 5th over - 3 runs, 4 hits, 0 errors, 1 left on base; Athletic Club KC 3 - Vancouver 5
TOP OF THE 6TH
Athletic Club KC batting - Pitching for Vancouver Grey Wolves : RHP José García
Batting: RHB Jimbob Ghostkeeper 0-0: Foul Ball, location: 2F
0-1: Ball
1-1: Ground out 4-3 (Groundball, 6M, EV 79.4 MPH)
Batting: SHB Mike Ríos 0-0: Ball
1-0: Fly out, F7 (Line Drive, 7D, EV 103.1 MPH)
Batting: RHB Ali Ben Bongo 0-0: Ball
1-0: Foul Ball, location: 2F
1-1: Swinging Strike
1-2: Ball
2-2: Foul Ball, location: 2F
2-2: Fly out, F8 (Flyball, 89M, EV 87.5 MPH)
Top of the 6th over - 0 runs, 0 hits, 0 errors, 0 left on base; Athletic Club KC 3 - Vancouver 5
BOTTOM OF THE 6TH
Vancouver Grey Wolves batting - Pitching for Athletic Club KC : RHP Dan Smith
Batting: LHB Javier Caceres 0-0: Ball
1-0: Ball
2-0: Called Strike
2-1: Ball
3-1: Called Strike
3-2: Strikes out looking
Batting: SHB Willie McGirt 0-0: Swinging Strike
0-1: Ball
1-1: Swinging Strike
1-2: Ball
2-2: Strikes out swinging
Batting: SHB John Hawley 0-0: Swinging Strike
0-1: Ground out 6-3 (Groundball, 6S, EV 67.5 MPH)
Bottom of the 6th over - 0 runs, 0 hits, 0 errors, 0 left on base; Athletic Club KC 3 - Vancouver 5
TOP OF THE 7TH
Athletic Club KC batting - Pitching for Vancouver Grey Wolves : RHP José García
Batting: RHB James Hemwick 0-0: Ball
1-0: Ball
2-0: Ball
3-0: Called Strike
3-1: Foul Ball, location: 2F
3-2: Foul Ball, location: 2F
3-2: Ground out 6-3 (Groundball, 6, EV 83.8 MPH)
Pitching: RHP Tekoa Kinsinger
Batting: RHB Scott Dourque 0-0: Ball
1-0: Called Strike
1-1: Called Strike
1-2: Strikes out swinging
Batting: RHB Gerold Olthof 0-0: Ball
1-0: Ball
2-0: Foul Ball, location: 2F
2-1: Swinging Strike
2-2: Ground out 6-3 (Groundball, 6, EV 78.1 MPH)
Top of the 7th over - 0 runs, 0 hits, 0 errors, 0 left on base; Athletic Club KC 3 - Vancouver 5
BOTTOM OF THE 7TH
Vancouver Grey Wolves batting - Pitching for Athletic Club KC : RHP Dan Smith
Pitching: LHP Indigo Diaz
Batting: RHB David Stone 0-0: Swinging Strike
0-1: Ball
1-1: Ball
2-1: Ball
3-1: Foul Ball, location: 2F
3-2: Foul Ball, location: 2F
3-2: Foul Ball, location: 2F
3-2: Foul Ball, location: 2F
3-2: Strikes out looking
Batting: RHB José Torres 0-0: Ball
1-0: Ball
2-0: Called Strike
2-1: Foul Ball, location: 2F
2-2: Ball
3-2: Fly out, F4 (Popup, 23, EV 83.1 MPH)
Batting: RHB Ray Skipworth 0-0: Ball
1-0: Foul Ball, location: 2F
1-1: Foul Ball, location: 2F
1-2: Ball
2-2: Ball
3-2: SINGLE (Groundball, 34D, EV 98.1 MPH)
Batting: LHB Cameron Woolever 0-0: Called Strike
0-1: Ground out 4-3 (Groundball, 34, EV 82.5 MPH)
Bottom of the 7th over - 0 runs, 1 hit, 0 errors, 1 left on base; Athletic Club KC 3 - Vancouver 5
TOP OF THE 8TH
Athletic Club KC batting - Pitching for Vancouver Grey Wolves : RHP Tekoa Kinsinger
Pitching: RHP Terry Lesage
Now at 3B: Alejandro Cantú
Batting: RHB Karel van Capelle 0-0: Ball
1-0: Called Strike
1-1: Called Strike
1-2: Strikes out swinging
Batting: LHB Cisco Hernández 0-0: Ball
1-0: Ball
2-0: Ball
3-0: Called Strike
3-1: Called Strike
3-2: Foul Ball, location: 2F
3-2: Base on Balls
Batting: LHB Rafael Padilla 0-0: Ball
1-0: Called Strike
1-1: Called Strike
1-2: Ball
2-2: Foul Ball, location: 2F
2-2: Strikes out looking
Batting: RHB Jimbob Ghostkeeper 0-0: Ball
1-0: Ball
2-0: Called Strike
2-1: Foul Ball, location: 2F
2-2: Strikes out swinging
Top of the 8th over - 0 runs, 0 hits, 0 errors, 1 left on base; Athletic Club KC 3 - Vancouver 5
BOTTOM OF THE 8TH
Vancouver Grey Wolves batting - Pitching for Athletic Club KC : LHP Indigo Diaz
Batting: RHB Rafael Maldonado 0-0: Fly out, F8 (Flyball, 8LD, EV 88.8 MPH)
Batting: RHB Kao-tsu Koo 0-0: Ball
1-0: Called Strike
1-1: Ground out 4-3 (Groundball, 4S, EV 85.0 MPH)
Batting: LHB Javier Caceres 0-0: Ball
1-0: Ball
2-0: Called Strike
2-1: Called Strike
2-2: Ground out 4-3 (Groundball, 4, EV 101.9 MPH)
Bottom of the 8th over - 0 runs, 0 hits, 0 errors, 0 left on base; Athletic Club KC 3 - Vancouver 5
TOP OF THE 9TH
Athletic Club KC batting - Pitching for Vancouver Grey Wolves : RHP Terry Lesage
Now at C: Jimmy Scott
Now at 1B: Phil van Oosterom
Batting: SHB Mike Ríos 0-0: Ball
1-0: Called Strike
1-1: Ball
2-1: Ball
3-1: SINGLE (Flyball, 8LS, EV 93.8 MPH)
Pitching: RHP Ainanani Oliwa
Batting: RHB Ali Ben Bongo 0-0: Ball
1-0: Ball
2-0: Called Strike
2-1: Ball
3-1: Base on Balls
Mike Ríos to second
Batting: RHB James Hemwick 0-0: Swinging Strike
0-1: Ball
1-1: SINGLE (Flyball, 3D, EV 92.5 MPH)
Mike Ríos to third
Ali Ben Bongo to second
Pinch Hitting: LHB Miguel Fernández 0-0: Foul Ball, location: 2F
0-1: Foul Ball, location: 2F
0-2: Ball
1-2: Ball
2-2: Ball
3-2: Strikes out looking
Batting: RHB Gerold Olthof 0-0: Ball
1-0: Ball
2-0: Grounds into double play, 4-6-3 (Groundball, 4M, EV 103.8 MPH)
Top of the 9th over - 0 runs, 2 hits, 0 errors, 2 left on base; Athletic Club KC 3 - Vancouver 5
Friday, March 26th, 2021 - OOTP Baseball 20.8 Build 74